 Dungeon Crawl Stone Soup version 0.19.1-1-g22dce08 (webtiles) character file.

146 esteth the Conjurer (level 5, -6/28 HPs)
             Began as a Deep Elf Conjurer on Jan 6, 2017.
             Killed by divine providence
             ... invoked by an orc priest
              (11 damage)
             ... on level 3 of the Dungeon.
             The game lasted 00:09:59 (2518 turns).

esteth the Conjurer (Deep Elf Conjurer)             Turns: 2518, Time: 00:10:00

Health: -6/28      AC:  3    Str:  5    XL:     5   Next: 7%
Magic:  0/12       EV: 13    Int: 21    God:
Gold:   122        SH:  0    Dex: 15    Spells: 1 memorised, 10 levels left

rFire  . . .     SeeInvis .     (no weapon)
rCold  . . .     Gourm    .     a - +0 robe
rNeg   . . .     Faith    .     (no shield)
rPois  .         Spirit   .     (no helmet)
rElec  .         Reflect  .     (no cloak)
rCorr  .         Harm     .     l - +0 pair of gloves
MR     .....                    (no boots)
Stlth  ++........               (no amulet)
                                (no ring)
                                (no ring)

@: very slightly contaminated
A: no striking features
a: no special abilities


You were on level 3 of the Dungeon.
You were hungry.

You visited 1 branch of the dungeon, and saw 3 of its levels.

You collected 122 gold pieces.

Inventory:

Armour
 a - a +0 robe (worn)
 l - a +0 pair of gloves (worn)
Jewellery
 o - an uncursed ring of fire
Scrolls
 d - a scroll of fog
 n - 4 scrolls of remove curse
 p - a scroll of identify
Potions
 f - 2 potions of cancellation
 g - a potion of curing {unknown}
 h - a potion of heal wounds {unknown}
 i - 2 potions of lignification {unknown}
 k - a potion of might {unknown}
Books
 b - a book of Conjurations

   Spells                             Type                      Level
   a - Magic Dart                     Conjuration                  1
   b - Searing Ray                    Conjuration                  2
   c - Dazzling Spray                 Conjuration/Hexes            3
   d - Fulminant Prism                Conjuration/Hexes            4
   e - Iskenderun's Mystic Blast      Conjuration                  4
   f - Iskenderun's Battlesphere      Conjuration/Charms           5
 j - a book of Alchemy

   Spells                             Type                      Level
   a - Sublimation of Blood           Necromancy                   2
   b - Ignite Poison                  Fire/Transmutation/Poison    3
   c - Petrify                        Transmutation/Earth          4
   d - Alistair's Intoxication        Transmutation/Poison         5
   e - Irradiate                      Conjuration/Transmutation    5
Comestibles
 c - 2 bread rations {@e1}
 m - a chunk of flesh {@w0}


   Skills:
 - Level 3.1 Dodging
 - Level 2.9 Stealth
 - Level 3.5 Spellcasting
 + Level 6.4 Conjurations


You had 10 spell levels left.
You knew the following spells:

 Your Spells              Type           Power        Failure   Level  Hunger
a - Magic Dart            Conj           ####         1%          1    None


Dungeon Overview and Level Annotations

Branches:
Dungeon (3/15)

Altars:
Qazlal


Message History

The orc priest is severely wounded.
Casting: Magic Dart
Confirm with . or Enter, or press ? or * to list all spells.
You don't have enough magic to cast that spell.
Unknown command.
You flicker for a moment.
The orc priest calls down the wrath of Beogh upon something.
Casting: Magic Dart
Confirm with . or Enter, or press ? or * to list all spells.
Aiming: Magic Dart
Press: ? - help, Shift-Dir - straight line, f/p - orc priest
Aim: an orc priest, wielding a dagger (severely wounded)
The magic dart hits the orc priest.
The orc priest is severely wounded.
You flicker back into view.
The orc priest mumbles some strange prayers to Beogh against you.
You struggle to resist.
The orc priest mumbles some strange prayers to Beogh against you.
Beogh smites you!
You die...

#...o.))'.............
#.#######.....###.####
#.# #.....###.# #.#
#......##.#
#o#######....#.##.#
#.#.....#....#.##.#
#.#.....#....#.##.#
#.#.....######.##.###
#.'....o...@........#
###.....#######.#.#.#
#.....## #...#.#
#......# ##..#.#
#......# #..#.#
#......# #..#.#
#......# #.>#.#
#......# ##.#.########
#......# #.#.........


You could see an orc priest.

Vanquished Creatures
  2 orc wizards (D:3)
  3 gnolls (D:3)
  An adder (D:2)
  An ooze (D:1)
  A leopard gecko (D:1)
  7 orcs
  5 bats
  2 giant cockroaches
  8 goblins
  6 hobgoblins
  3 jackals (D:1)
  4 kobolds
  4 rats
47 creatures vanquished.

Notes
Turn   | Place    | Note
-------+----------+-------------------------------------------
     0 | D:1      | esteth the Deep Elf Conjurer began the quest for the Orb.
     0 | D:1      | Reached XP level 1. HP: 10/10 MP: 6/6
   203 | D:1      | Reached XP level 2. HP: 15/15 MP: 6/8
  1061 | D:1      | Reached XP level 3. HP: 19/19 MP: 7/10
  1885 | D:2      | Reached skill level 5 in Conjurations
  2019 | D:3      | Reached XP level 4. HP: 24/24 MP: 4/11
  2173 | D:3      | Reached skill level 6 in Conjurations
  2404 | D:3      | Noticed a fire elemental
  2406 | D:3      | Found a stormy altar of Qazlal.
  2407 | D:3      | Noticed a water elemental
  2407 | D:3      | Noticed an air elemental
  2407 | D:3      | Noticed an earth elemental
  2480 | D:3      | Reached XP level 5. HP: 17/28 MP: 7/12
  2518 | D:3      | Killed from afar by an orc priest

Skill      XL: |  1  2  3  4 |
---------------+-------------+-----
Dodging        | 3 |  3.1
Conjurations   | 5 6 |  6.4
Stealth        | |  2.9
Spellcasting   | |  3.5

Action                   |  1- 3 |  4- 6 || total
-------------------------+-------+-------++-------
Melee: Unarmed           |     2 |     1 ||     3
 Cast: Magic Dart        |    75 |    34 ||   109
  Use: Scroll            |     8 |       ||     8
       Potion            |       |     1 ||     1
  Eat: Chunk             |     3 |     1 ||     4
Armor: Robe              |     8 |     1 ||     9
Dodge: Dodged            |    13 |     4 ||    17
